 Dungeon Crawl Stone Soup version 0.20.2-3-g29329e0561 (webtiles) character file.

406 Alfie the Covered (level 6, 0/53 HPs)
             Began as a Hill Orc Fighter on Feb 1, 2023.
             Slain by Alfie's ghost (8 damage)
             ... on level 5 of the Dungeon.
             The game lasted 00:09:27 (2918 turns).

Alfie the Covered (Hill Orc Fighter)                Turns: 2918, Time: 00:09:27

Health: 0/53       AC: 10    Str: 21    XL:     6   Next: 87%
Magic:  6/6        EV:  8    Int:  8    God:
Gold:   201        SH:  9    Dex: 10    Spells: 5/5 levels left

rFire    + . .     SeeInvis .   a - +0 rapier
rCold    . . .     Gourm    .   c - +0 shield
rNeg     . . .     Faith    .   t - +1 scale mail {rF+}
rPois    .         Spirit   .   C - +0 helmet
rElec    .         Reflect  .   y - +0 cloak
rCorr    .         Harm     .   (no gloves)
MR       +....                  (no boots)
Stlth    ..........             (no amulet)
Regen    0.2/turn               h - ring of protection from magic
MPRegen  0.1/turn               (no ring)

@: no status effects
A: no striking features
a: no special abilities


You were on level 5 of the Dungeon.
You were not hungry.

You visited 1 branch of the dungeon, and saw 5 of its levels.

You collected 201 gold pieces.

Inventory:

Hand Weapons
 a - a +0 rapier (weapon)
Armour
 c - a +0 shield (worn)
 t - a +1 scale mail of fire resistance (worn)
 y - a +0 cloak (worn)
 C - a +0 helmet (worn)
Jewellery
 h - a ring of protection from magic (left hand)
 p - a +4 ring of dexterity
 w - an uncursed ring of poison resistance {unknown}
Wands
 f - a wand of random effects (26/48)
 u - a wand of iceblast (15/15)
 D - a wand of flame (30/48)
Scrolls
 b - a scroll of amnesia {unknown}
 e - a scroll of recharging
 l - a scroll of noise {unknown}
 o - 8 scrolls of teleportation
 q - a scroll of enchant armour {unknown}
 r - a scroll of remove curse
 v - a scroll of fear {unknown}
Potions
 d - a potion of might
 g - 3 potions of curing {unknown}
 j - a potion of lignification {unknown}
 k - a potion of cancellation {unknown}
 m - a potion of haste {unknown}
 n - a potion of brilliance {unknown}
 s - 2 potions of heal wounds {unknown}
 x - a potion of degeneration {unknown}
 z - a potion of invisibility {unknown}
Comestibles
 i - 4 meat rations
 A - 2 royal jellies


   Skills:
 + Level 4.5 Fighting
 + Level 4.6 Short Blades
 + Level 4.8 Armour
 + Level 1.2 Dodging
 + Level 4.6 Shields


You had 5 spell levels left.
You didn't know any spells.

Dungeon Overview and Level Annotations

Branches:
Dungeon (5/15)
 Temple: D:4-7

Altars:
Fedhas
Gozag
Kikubaaqudgha
Vehumet
Zin

Annotations:
D:4 1 transporter
D:5 Alfie's ghost, novice HOFi


Message History

A - 2 royal jellies (gained 1)
You feel sick.
You feel sick.
You feel sick.
B - a scroll labeled RICWIWKIHA
As you read the scroll labeled RICWIWKIHA, it crumbles to dust.
You feel aware of your surroundings.
You sensed 1 altar.
It was a scroll of magic mapping.
You feel sick.
You feel sick.
You feel sick.
You feel sick.
You are no longer poisoned.
Alfie's ghost (novice Hill Orc Fighter) comes into view.
Alfie's ghost turns its malevolent gaze towards you.
You closely miss Alfie's ghost. Alfie's ghost hits you.
You hit Alfie's ghost but do no damage. Alfie's ghost hits you!
You hit Alfie's ghost but do no damage. Alfie's ghost hits you!
* * * LOW HITPOINT WARNING * * *
You hit Alfie's ghost but do no damage. Alfie's ghost hits you!
You die...

,,,** **,** #≈♣≈P.........###..
,,,* **,,,* #≈≈≈♣..........####
,,** *,,.,** ##.P...........# #
,,* **,,..,** ##............#
,** **,,,...,**
#............#### **
**,,,,....,* ##...............
*
*,,,,,.....**##......†.......(
*
**,,,,,......##...........[<.#.
*,,,,,,......W@.#.........####,
*,,,,,,.......####........# *,,
**,,,,,.......** ##.....#.#****
****,,,,,.......,* #....##..#
*,,,,,,,,.......,* ##...###.#
,,,,,,,,,.......,** ##.## *.#
,,,****,,.......,,* *** *,*
,,,* ***.......,,* *,* ,,,*
****,,,,,,** *,**


You could see Alfie's ghost.

Vanquished Creatures
  A centaur skeleton (D:4)
  An orc wizard (D:3)
  Crazy Yiuf (D:3)
  Ijyb (D:3)
  Terence (D:3)
  Natasha (twice) (D:3)
  2 worker ants (D:5)
  A worker ant zombie (D:3)
  Robin (D:4)
  6 adders
  2 oozes
  An adder skeleton (D:5)
  3 worms
  A dart slug (D:1)
  A leopard gecko (D:3)
  5 orcs (D:3)
  A giant cockroach (D:4)
  21 goblins
  3 hobgoblins
  5 jackals
  7 kobolds
  2 quokkas
  3 bats (D:1)
  6 frilled lizards
  6 rats
  2 fungi (D:3)
86 creatures vanquished.

Notes
Turn   | Place    | Note
-------+----------+-------------------------------------------
     0 | D:1      | Alfie the Hill Orc Fighter began the quest for the Orb.
     0 | D:1      | Reached XP level 1. HP: 19/19 MP: 1/1
   106 | D:1      | Reached XP level 2. HP: 24/27 MP: 2/2
   315 | D:1      | Reached XP level 3. HP: 33/33 MP: 3/3
   807 | D:2      | Reached XP level 4. HP: 33/40 MP: 4/4
   852 | D:2      | Found a blossoming altar of Fedhas.
   855 | D:2      | Found an ancient bone altar of Kikubaaqudgha.
  1177 | D:3      | Reached XP level 5. HP: 39/46 MP: 5/5
  1181 | D:3      | Noticed Ijyb
  1207 | D:3      | Killed Ijyb
  1347 | D:3      | Noticed Terence
  1362 | D:3      | Killed Terence
  1454 | D:3      | Noticed Natasha
  1463 | D:3      | Killed Natasha
  1537 | D:3      | Found a radiant altar of Vehumet.
  1595 | D:3      | Found a glowing silver altar of Zin.
  1731 | D:3      | Reached XP level 6. HP: 36/53 MP: 6/6
  1797 | D:3      | Noticed Natasha
  1807 | D:3      | Killed Natasha
  1884 | D:3      | Reached skill level 1 in Dodging
  2083 | D:3      | Found a runed door.
  2087 | D:3      | Noticed Crazy Yiuf
  2096 | D:3      | Killed Crazy Yiuf
  2373 | D:4      | Found an opulent altar of Gozag.
  2470 | D:4      | Noticed Robin
  2530 | D:4      | Killed Robin
  2632 | D:4      | Found a transporter.
  2746 | D:4      | Found a transporter.
  2798 | D:5      | Entered Level 5 of the Dungeon
  2913 | D:5      | Noticed Alfie's ghost (novice HOFi)
  2918 | D:5      | Slain by Alfie's ghost

Skill      XL: |  1  2  3  4  5  6 |
---------------+-------------------+-----
Shields        | 4 |  4.6
Fighting       | 4 |  4.5
Short Blades   | 3 4 |  4.6
Armour         | 4 |  4.8
Dodging        | 1 |  1.2

Action                   |  1- 3 |  4- 6 || total
-------------------------+-------+-------++-------
Melee: Rapier            |    84 |   313 ||   397
  Use: Scroll            |       |     7 ||     7
  Eat: Bread ration      |       |     2 ||     2
Armor: Scale mail        |    34 |    68 ||   102
       Ring mail         |       |     4 ||     4
Dodge: Dodged            |    35 |    72 ||   107
Block: Shield            |    37 |    94 ||   131
